AoeStats
← 騎豬的猴子

Nomad

509885189Analyzed
2v2 RM · 5d ago on Sep 28, 2026· 49m 31s· 4 players
Game mode
Random Map
Map size
176×176
Population
200
Speed
Normal
Resources
Standard
Victory
Conquest
Starting age
Dark Age
Ending age
Imperial Age
RankedLock teamsTeams togetherTeam positionsShared explorationLock speedFull tech treeHidden civsTurbo modeCheats
Victory
Defeat
🇨🇿 Vikings · Czechia
1026
+17
🇨🇿 Huns · Czechia
1002
+18
🇹🇼 Koreans · Taiwan
1084
-19
🇹🇼 Huns · Taiwan
1019
-16
LennyCZ
4:36 Loom
16:58 Feudal Age
17:58 Double-Bit Axe
17:56 Horse Collar
21:53 Castle Age
19:40 Town Watch
20:38 Fishing Lines
21:02 Fletching
21:13 Scale Mail Armor
23:07 Bodkin Arrow
23:12 Padded Archer Armor
22:46 Crossbowman
27:14 Arson
35:07 Leather Archer Armor
37:03 Ballistics
42:25 Imperial Age
45:18 Chemistry
44:48 Bracer
44:20 Arbalester
46:41 Conscription
JozefCZ
3:25 Loom
14:08 Feudal Age
14:46 Double-Bit Axe
19:14 Castle Age
16:59 Fishing Lines
18:34 Wheelbarrow
20:20 Bow Saw
20:14 Gillnets
21:12 Bloodlines
22:17 Medium Warships
28:47 Hand Cart
34:15 Imperial Age
33:26 Demolition Ship
34:09 Murder Holes
34:25 Masonry
34:34 Town Watch
34:38 Cavalier
35:19 Husbandry
38:33 Scale Barding Armor
38:39 Forging
37:53 Paladin
40:42 Chain Barding Armor
41:34 Horse Collar
43:10 Heavy Plow
49:01 Plate Barding Armor
49:37 Iron Casting
光的影子
4:32 Loom
14:37 Feudal Age
18:01 Town Watch
23:04 Castle Age
25:44 Eupseong
27:02 Double-Bit Axe
27:22 Crossbowman
30:45 Gold Mining
30:46 Horse Collar
34:43 Gold Shaft Mining
34:24 Bow Saw
35:32 Fletching
35:51 Thumb Ring
37:35 Wheelbarrow
37:01 Town Patrol
40:58 Imperial Age
38:40 Pikeman
40:30 Squires
43:05 Conscription
43:16 Bodkin Arrow
43:21 Heavy Rocket Cart
44:16 Arbalester
45:55 Elite Skirmisher
49:54 Ballistics
騎豬的猴子
12:58 Feudal Age
14:51 Double-Bit Axe
23:32 Castle Age
22:46 Fletching
24:53 Bodkin Arrow
24:26 Pikeman
25:55 Scale Mail Armor
26:45 Stone Mining
27:09 Bow Saw
31:38 Scale Barding Armor
33:23 Murder Holes
39:27 Imperial Age
37:43 Ballistics
49:31 Imperial Age
Connection lost

Rejoining the realm…

Still unreachable

The connection could not be restored.

Session expired

The server has moved on; the page needs a fresh start.